 Dungeon Crawl Stone Soup version 0.28.0-53-g5a82cb258f (webtiles) character file.

Game seed: 8200307671768474584

57 Peloso the Skirmisher (level 3, 0/33 HPs)
             Began as a Minotaur Fighter on May 25, 2022.
             Succumbed to a goblin's poison
             ... on level 3 of the Dungeon.
             The game lasted 00:01:55 (1369 turns).

Peloso the Skirmisher (Minotaur Fighter)            Turns: 1369, Time: 00:01:56

Health: 0/33       AC:  8    Str: 20    XL:     3   Next: 73%
Magic:  2/2        EV:  9    Int:  5    God:
Gold:   123        SH:  4    Dex: 11    Spells: 2/2 levels left

rFire   . . .      SeeInvis .   a - +0 long sword
rCold   . . .      Faith    .   c - +0 buckler
rNeg    . . .      Spirit   .   b - +0 scale mail
rPois   .          Reflect  .   (helmet restricted)
rElec   .          Harm     .   k - +0 cloak
rCorr   .          Rampage  .   (no gloves)
Will    .....                   (no boots)
Stlth   ..........              (no amulet)
HPRegen 0.11/turn               (no ring)
MPRegen 0.08/turn               (no ring)

@: lethally poisoned (0 -> -6)
A: horns 2, retaliatory headbutt
a: no special abilities


You were on level 3 of the Dungeon.
You visited 1 branch of the dungeon, and saw 3 of its levels.

You collected 123 gold pieces.

Inventory:

Hand Weapons
 a - a +0 long sword (weapon)
Armour
 b - a +0 scale mail (worn)
 c - a +0 buckler (worn)
 k - a +0 cloak (worn)
Jewellery
 l - an amulet of guardian spirit
Scrolls
 e - a scroll of teleportation {unknown}
 f - a scroll of amnesia {unknown}
 g - a scroll of blinking
 h - a scroll of vulnerability {unknown}
 i - a scroll of enchant weapon {unknown}
 j - a scroll of magic mapping {unknown}
Potions
 d - a potion of might


   Skills:
 + Level 4.2 Fighting
 + Level 3.3 Long Blades
 + Level 4.2 Armour
 + Level 4.2 Shields


You had 2 spell levels left.
You didn't know any spells.
Your spell library contained the following spells:

 Spells                   Type           Power      Damage    Failure   Level
 Stone Arrow              Conj/Erth      0%         3d7       99%         3
 Animate Armour           Summ/Erth      0%         N/A       100%        4
 Lehudib's Crystal Spear  Conj/Erth      0%         10d2      100%        8


Dungeon Overview and Level Annotations

Branches:
Dungeon (3/15)

Altars:

Annotations:
D:3 Ijyb, Robin


Innate Abilities, Weirdness & Mutations

You have a pair of horns on your head.
You reflexively headbutt those who attack you in melee.


Message History

Ijyb is lightly wounded.
The hobgoblin no longer looks unusually strong.
The goblin hits you but does no damage.
You are poisoned.
Ijyb zaps a wand.
You resist with significant effort.
Robin points. "Kill!"
The goblin hits you with a +1 dagger of venom.
You are lethally poisoned!
Ijyb barely misses you.
It was a potion of magic.
Magic courses through your body.
You feel very sick. The goblin barely misses you.
Ijyb zaps a wand.
You resist with significant effort.
Unknown command.
You hit Ijyb. You headbutt Ijyb.
Ijyb is heavily wounded.
* * * LOW HITPOINT WARNING * * *
You feel very sick. The goblin hits you but does no damage.
You block Ijyb's attack.
Unknown command.
You completely miss Ijyb.
Ijyb is heavily wounded.
* * * LOW HITPOINT WARNING * * *
You feel very sick. The goblin hits you but does no damage.
Ijyb closely misses you.
Unknown command.
You hit Ijyb but do no damage.
Ijyb is heavily wounded.
* * * LOW HITPOINT WARNING * * *
You feel sick.
Ijyb screams, "Die!"
Ijyb zaps a wand.
You resist with significant effort. The goblin hits you but does no damage.
Robin roars a battlecry!
The hobgoblin goes into a battle-frenzy!
Ijyb screams, "You nasty!
Big nasty!"
You block Ijyb's attack. You block the goblin's attack.
You closely miss Ijyb. Your headbutt misses Ijyb.
Ijyb is heavily wounded.
You die... ###.#... ....... #..... #gS.. #SSg #gg

#g# #@#
#g# #.# #
##.#.##.#
#.......#
#.##......
#.# .##...
#.# # ..
#.#


You could see Ijyb (strong), Robin, 3 adders, 2 hobgoblins and 2 goblins.

Vanquished Creatures
  An adder (D:3)
  4 dart slugs
  3 ball pythons (D:2)
  An endoplasm (D:1)
  4 giant cockroaches
  9 goblins
  2 hobgoblins (D:2)
  4 kobolds
  2 quokkas (D:1)
  3 bats
  A frilled lizard (D:1)
  A rat (D:1)
35 creatures vanquished.

Notes
Turn   | Place    | Note
-------+----------+-------------------------------------------
     0 | D:1      | Peloso the Minotaur Fighter began the quest for the Orb.
     0 | D:1      | Reached XP level 1. HP: 19/19 MP: 0/0
   148 | D:1      | Reached XP level 2. HP: 24/27 MP: 1/1
   282 | D:1      | Found a faded altar of an unknown god.
   790 | D:2      | Reached XP level 3. HP: 27/33 MP: 2/2
  1343 | D:3      | Noticed Ijyb
  1343 | D:3      | Noticed Robin
  1368 | D:3      | HP: 1/33 [poisoned by a goblin]
  1369 | D:3      | Succumbed to a goblin's poison

Illustrated notes

Levels and vault maps discovered:
D:1:      minmay_arrival_shoal_huts, layout_rooms,
          shapermc_ecumenical_altar_totnotflames
D:2:      layout_basic
D:3:      layout_basic, serial_shops,
          nicolae_shop_temple_entry_statues_fountains, uniq_robin, uniq_ijyb

Skill      XL: |  1  2  3 |
---------------+----------+-----
Armour         | 4 |  4.2
Shields        | 4 |  4.2
Fighting       | 4 |  4.2
Long Blades    | 3 |  3.3

Action                   || total
-------------------------++-------
Melee: Long sword        ||    83
       Headbutt          ||    13
  Use: Scroll            ||     1
       Potion            ||     1
Armor: Scale mail        ||    48
Dodge: Dodged            ||    36
Block: Buckler           ||    23
